Lightning vs MapleLeafs

Created - February 10, 2017 at 18:13

Goals
1 2 3 T
Lightning 0 0 2 2
MapleLeafs 1 3 1 5
Shots
1 2 3 T
Lightning 11 13 13 37
MapleLeafs 7 11 13 31

1st period

1. MapleLeafs , Mikael Backlund 9 (Brendan Leipsic, Alexey Marchenko) at 1:20

Penalties :
Alexei Emelin (TOR) for Hooking (Minor) at 2:37, Alexei Emelin (TOR) for Holding (Minor) at 6:00, Troy Brouwer (TBL) for Roughing (Minor) at 13:36, Andreas Athanasiou (TOR) for Tripping (Minor) at 18:58

2nd period

2. MapleLeafs , Jonathan Marchessault 10 (Milan Lucic) at 1:10
3. MapleLeafs , Kris Russell 5 (Jordan Staal, Nick Leddy) at 10:01 (PP)
4. MapleLeafs , Nick Leddy 4 (Ondrej Palat, Jordan Staal) at 11:52

Penalties :
Kevin Klein (TBL) for Hooking (Minor) at 2:43, Christian Ehrhoff (TBL) for Roughing (Minor) at 7:47, Troy Brouwer (TBL) for Roughing (Minor) at 8:03, Milan Lucic (TOR) for Interference (Minor) at 12:21, Keith Kinkaid (TOR) for Slashing (Minor) at 12:59 - Nick Leddy served the penalty., Jordan Staal (TOR) for Roughing (Minor) at 19:33

3rd period

5. Lightning , Travis Zajac 24 (Patric Hornqvist) at 1:20 (PP)
6. MapleLeafs , Alexey Marchenko 2 (Milan Lucic, Jonathan Marchessault) at 13:50
7. Lightning , Henrik Sedin 15 (Johnny Gaudreau, Jeff Carter) at 14:16

Penalties :
Alexei Emelin (TOR) for Interference (Minor) at 7:56, Nick Leddy (TOR) for Holding (Minor) at 17:49, Milan Lucic (TOR) for Tripping (Minor) at 19:56

Goalie Stats

Jaroslav Halak (TBL), 13 saves from 17 shots - (0.765), L, 16-16-4, 31:52 minutes
Kari Lehtonen (TBL), 13 saves from 14 shots - (0.929), 28:08 minutes
Keith Kinkaid (TOR), 35 saves from 37 shots - (0.946), W, 11-8-2, 60:00 minutes

Players Stats for Lightning

Player Name              G  A  P  +/- PIM S  H  SB GA TA FO     MP     PP MP  PK MP  
------------------------------------------------------------------------------------
Andre Benoit             0  0  0  -2  0   0  0  1  0  0  0/0    15:27   0:00   1:40 
Andrej Sekera            0  0  0  -1  0   0  1  0  0  0  0/0    24:00   8:42   2:24 
Christian Ehrhoff        0  0  0  -2  2   1  1  3  0  0  0/0    13:46   0:00   0:00 
David Schlemko           0  0  0   0  0   2  0  1  0  0  0/0    20:24   5:40   2:21 
Eric Fehr                0  0  0  -1  0   1  0  2  0  0  8/17   14:01   0:00   0:36 
Erik Gudbranson          0  0  0   0  0   2  2  2  0  0  0/0    21:54   5:40   3:29 
Henrik Sedin             1  0  1   0  0   3  0  0  0  0  15/34  24:08   8:22   0:45 
Jeff Carter              0  1  1   0  0   4  1  0  0  0  0/0    15:01   0:00   0:00 
Johnny Gaudreau          0  1  1   0  0   8  0  0  0  0  0/0    23:25   8:22   0:02 
Kevin Klein              0  0  0  -1  2   3  1  1  0  0  0/0    24:27   8:42   2:30 
Nick Spaling             0  0  0   0  0   1  1  1  0  0  0/1     9:34   0:00   2:12 
Patric Hornqvist         0  1  1   0  0   1  3  0  0  0  0/0     6:00   6:00   0:00 
Radim Vrbata             0  0  0   0  0   0  0  0  0  0  0/0     0:00   0:00   0:00 
Teddy Purcell            0  0  0  -1  0   4  1  0  0  0  0/1    13:45   6:00   0:00 
Tobias Rieder            0  0  0  -1  0   3  1  1  0  0  4/9    18:16   8:22   3:21 
Tomas Fleischmann        0  0  0  -2  0   0  0  0  0  0  0/0    16:40   0:00   0:00 
Travis Zajac             1  0  1  -2  0   2  1  0  0  0  21/29  19:06   6:00   2:06 
Troy Brouwer             0  0  0  -2  4   2  1  0  0  0  0/0    12:07   0:00   1:38 

Players Stats for MapleLeafs

Player Name              G  A  P  +/- PIM S  H  SB GA TA FO     MP     PP MP  PK MP  
------------------------------------------------------------------------------------
Alexei Emelin            0  0  0   0  6   2  0  1  0  0  0/0    21:56   3:04   4:37 
Alexey Marchenko         1  1  2   3  0   1  0  1  0  0  0/0    12:12   0:00   0:32 
Andreas Athanasiou       0  0  0   0  2   0  0  0  0  0  4/10    6:44   0:00   0:50 
Anthony Mantha           0  0  0   0  0   0  0  0  0  0  1/1     5:55   0:00   0:00 
Brendan Leipsic          0  1  1   1  0   1  0  0  0  0  0/3    16:17   0:00   6:45 
Brent Seabrook           0  0  0   0  0   1  0  3  0  0  0/0    24:33   3:04   7:54 
David Clarkson           0  0  0   1  0   2  1  0  0  0  0/0     9:32   0:00   0:00 
Jonathan Marchessault    1  1  2   2  0   2  0  0  0  0  0/1    15:27   2:48   0:00 
Joonas Donskoi           0  0  0   0  0   2  0  0  0  0  1/2    14:44   3:24   0:00 
Jordan Staal             0  2  2   0  2   1  3  0  0  0  20/38  21:35   3:24   6:52 
Justin Falk              0  0  0   3  0   0  1  1  0  0  0/0    15:20   0:00   2:57 
Kris Russell             1  0  1   0  0   1  0  3  0  0  0/0    24:21   3:08   7:45 
Landon Ferraro           0  0  0   0  0   1  0  0  0  0  0/0     5:55   0:00   0:00 
Mikael Backlund          1  0  1   1  0   3  0  1  0  0  7/18   16:00   0:00   6:28 
Milan Lucic              0  2  2   2  4   3  0  0  0  0  0/0    15:25   2:48   0:00 
Nazem Kadri              0  0  0   2  0   3  0  0  0  0  8/16   15:27   2:48   0:00 
Nick Leddy               1  1  2   0  2   2  1  1  0  0  0/0    21:34   3:08   4:59 
Ondrej Palat             0  1  1   0  0   6  1  0  0  0  2/2    21:12   3:24   6:28 

3 Stars

1 - Alexey Marchenko (TOR)
2 - Jonathan Marchessault (TOR)
3 - Keith Kinkaid (TOR)

Power Play

Lightning - 1 on 9 Attempt(s) - 11.11%
MapleLeafs - 1 on 4 Attempt(s) - 25.00%

Penalty Kill

Lightning - 3 on 4 Attempt(s) - 75.00% - Score 0 goal in Penalty Kill
MapleLeafs - 8 on 9 Attempt(s) - 88.89% - Score 0 goal in Penalty Kill

Team Stat

Lightning - Hits : 14 - Faceoff Wins : 48 - Blocked Shots : 12 - Penalty Minutes : 8
MapleLeafs - Hits : 7 - Faceoff Wins : 43 - Blocked Shots : 11 - Penalty Minutes : 18

Official

Referees : Wes McCauley and Kyle Rehman
Linesman : David Brisebois and Ryan Gibbons

Game Notes

Kari Lehtonen enters game at 11:52 of 2nd period

Finance

Level 1 -- Attendance: 5692 (87.57%) -- Ticket Income $626,120
Level 2 -- Attendance: 4837 (96.74%) -- Ticket Income $367,612
Level 3 -- Attendance: 2297 (65.63%) -- Ticket Income $151,602
Level 4 -- Attendance: 2547 (90.35%) -- Ticket Income $101,880
Luxury Box -- Attendance: 882 (88.20%) -- Ticket Income $175,518
Game was played at the Air Canada Center.
Total Attendance: 16255 (86.38%)
Total Ticket Income: $1,422,732
Other Income: $213,410
Total Income: $1,636,142

% Time on Ice - Lightning

Lines # - Real PCT - Wanted PCT - Time Play
Normal Forward
1 - 38% - 40% - 15:01
2 - 27% - 30% - 10:30
3 - 17% - 20% - 6:33
4 - 19% - 10% - 7:22
Normal Defense
1 - 33% - 40% - 12:54
2 - 31% - 30% - 12:23
3 - 35% - 20% - 13:47
4 - 1% - 10% - 0:22
PP Forward
1 - 58% - 60% - 8:22
2 - 42% - 40% - 6:00
PP Defense
1 - 61% - 60% - 8:42
2 - 39% - 40% - 5:40
PK Forward
1 - 87% - 60% - 3:53
2 - 13% - 40% - 0:36
PK Defense
1 - 56% - 60% - 2:30
2 - 44% - 40% - 1:59
PK3 Forward
1 - 100% - 60% - 1:43
2 - 0% - 40% - 0:00
PK3 Defense
1 - 79% - 60% - 1:21
2 - 21% - 40% - 0:22
44 Forward
1 - 0% - 60%
2 - 0% - 40%
44 Defense
1 - 0% - 60%
2 - 0% - 40%
Last Minute Offensive  - 0:00
Last Minute Defensive  - 0:00
Total
Forward - 60:00
Defense - 60:00

% Time on Ice - MapleLeafs

Lines # - Real PCT - Wanted PCT - Time Play
Normal Forward
1 - 29% - 32% - 11:20
2 - 32% - 29% - 12:39
3 - 24% - 25% - 9:32
4 - 15% - 14% - 5:55
Normal Defense
1 - 36% - 37% - 14:18
2 - 34% - 33% - 13:28
3 - 30% - 30% - 11:40
4 - 0% - 0% - 0:00
PP Forward
1 - 55% - 54% - 3:24
2 - 45% - 46% - 2:48
PP Defense
1 - 49% - 54% - 3:04
2 - 51% - 46% - 3:08
PK Forward
1 - 50% - 52% - 6:33
2 - 50% - 48% - 6:28
PK Defense
1 - 51% - 60% - 6:37
2 - 49% - 40% - 6:24
PK3 Forward
1 - 85% - 52% - 1:09
2 - 15% - 48% - 0:12
PK3 Defense
1 - 40% - 52% - 0:32
2 - 60% - 48% - 0:49
44 Forward
1 - 0% - 55%
2 - 0% - 45%
44 Defense
1 - 0% - 55%
2 - 0% - 45%
Last Minute Offensive  - 0:00
Last Minute Defensive  - 0:00
Total
Forward - 60:00
Defense - 60:00

Play by Play

1st period


0:01 of 1st period - Henrik Sedin wins face-off versus Jordan Staal in neutral zone.
0:04 of 1st period - Shot by Jeff Carter.
0:04 of 1st period - Stopped by Keith Kinkaid without a rebound.
0:05 of 1st period - Travis Zajac wins face-off versus Nazem Kadri in MapleLeafs zone.
0:05 of 1st period - Travis Zajac is hit by Nick Leddy.
0:40 of 1st period - Shot by Milan Lucic.
0:40 of 1st period - Shot Misses the Net.
0:42 of 1st period - Shot by Nazem Kadri.
0:42 of 1st period - Stopped by Jaroslav Halak without a rebound.
0:43 of 1st period - Henrik Sedin wins face-off versus Mikael Backlund in Lightning zone.
1:20 of 1st period - Shot by Mikael Backlund.
1:20 of 1st period - Goal by Mikael Backlund - Lightning : 0 - MapleLeafs : 1.
1:21 of 1st period - Eric Fehr wins face-off versus Jordan Staal in neutral zone.
1:21 of 1st period - Teddy Purcell is hit by Ondrej Palat and loses puck.
1:27 of 1st period - Icing by Christian Ehrhoff.
1:28 of 1st period - Tobias Rieder wins face-off versus Jordan Staal in Lightning zone.
1:35 of 1st period - Shot by Eric Fehr.
1:35 of 1st period - Deflect By Tobias Rieder.
1:35 of 1st period - Shot Misses the Net.
1:51 of 1st period - Shot by Teddy Purcell.
1:51 of 1st period - Shot Blocked by Brent Seabrook.
1:53 of 1st period - Shot by Christian Ehrhoff.
1:53 of 1st period - Stopped by Keith Kinkaid without a rebound.
1:54 of 1st period - Henrik Sedin wins face-off versus Andreas Athanasiou in MapleLeafs zone.
2:05 of 1st period - Shot by Anthony Mantha.
2:05 of 1st period - Shot Misses the Net.
2:07 of 1st period - Shot by Anthony Mantha.
2:07 of 1st period - Shot Misses the Net.
2:09 of 1st period - Shot by Anthony Mantha.
2:09 of 1st period - Shot Misses the Net.
2:15 of 1st period - Shot by Landon Ferraro.
2:15 of 1st period - Stopped by Jaroslav Halak without a rebound.
2:16 of 1st period - Jordan Staal wins face-off versus Eric Fehr in Lightning zone.
2:37 of 1st period - Minor Penalty to Alexei Emelin for Hooking.
2:38 of 1st period - Jordan Staal wins face-off versus Henrik Sedin in MapleLeafs zone.
3:39 of 1st period - Shot by Teddy Purcell.
3:39 of 1st period - Stopped by Keith Kinkaid with a rebound.
3:41 of 1st period - Shot by Erik Gudbranson.
3:41 of 1st period - Stopped by Keith Kinkaid without a rebound.
3:42 of 1st period - Jordan Staal wins face-off versus Travis Zajac in MapleLeafs zone.
3:59 of 1st period - Shot by Travis Zajac.
3:59 of 1st period - Shot Misses the Net.
4:01 of 1st period - Shot by Erik Gudbranson.
4:01 of 1st period - Shot Misses the Net.
4:03 of 1st period - Shot by David Schlemko.
4:03 of 1st period - Stopped by Keith Kinkaid without a rebound.
4:04 of 1st period - Henrik Sedin wins face-off versus Jordan Staal in MapleLeafs zone.
4:23 of 1st period - Shot by Johnny Gaudreau.
4:23 of 1st period - Shot Misses the Net.
5:53 of 1st period - Shot by Teddy Purcell.
5:53 of 1st period - Stopped by Keith Kinkaid with a rebound.
6:00 of 1st period - Minor Penalty to Alexei Emelin for Holding.
6:01 of 1st period - Henrik Sedin wins face-off versus Jordan Staal in MapleLeafs zone.
6:38 of 1st period - Shot by Kevin Klein.
6:38 of 1st period - Stopped by Keith Kinkaid without a rebound.
6:39 of 1st period - Mikael Backlund wins face-off versus Teddy Purcell in MapleLeafs zone.
7:18 of 1st period - Justin Falk is hit by Patric Hornqvist and loses puck.
8:02 of 1st period - Icing by Kris Russell.
8:03 of 1st period - Nazem Kadri wins face-off versus Eric Fehr in MapleLeafs zone.
8:10 of 1st period - Shot by Nazem Kadri.
8:10 of 1st period - Shot Misses the Net.
8:28 of 1st period - Shot by Milan Lucic.
8:28 of 1st period - Shot Blocked by Eric Fehr.
9:42 of 1st period - Shot by Johnny Gaudreau.
9:42 of 1st period - Stopped by Keith Kinkaid without a rebound.
9:43 of 1st period - Jordan Staal wins face-off versus Henrik Sedin in MapleLeafs zone.
10:08 of 1st period - Shot by Jeff Carter.
10:08 of 1st period - Shot Misses the Net.
10:52 of 1st period - Shot by Kevin Klein.
10:52 of 1st period - Stopped by Keith Kinkaid without a rebound.
10:53 of 1st period - Mikael Backlund wins face-off versus Eric Fehr in MapleLeafs zone.
11:05 of 1st period - Off-side.
11:06 of 1st period - Travis Zajac wins face-off versus Nazem Kadri in neutral zone.
11:15 of 1st period - Shot by Troy Brouwer.
11:15 of 1st period - Stopped by Keith Kinkaid without a rebound.
11:16 of 1st period - Mikael Backlund wins face-off versus Henrik Sedin in MapleLeafs zone.
12:36 of 1st period - Icing by Justin Falk.
12:37 of 1st period - Travis Zajac wins face-off versus Nazem Kadri in MapleLeafs zone.
13:02 of 1st period - Shot by Travis Zajac.
13:02 of 1st period - Shot Misses the Net.
13:35 of 1st period - Brent Seabrook is hit by Troy Brouwer and loses puck.
13:36 of 1st period - Minor Penalty to Troy Brouwer for Roughing.
13:37 of 1st period - Jordan Staal wins face-off versus Tobias Rieder in Lightning zone.
13:56 of 1st period - Shot by Brent Seabrook.
13:56 of 1st period - Shot Hit the Post.
13:58 of 1st period - Shot by Brent Seabrook.
13:58 of 1st period - Stopped by Jaroslav Halak without a rebound.
13:59 of 1st period - Tobias Rieder wins face-off versus Jordan Staal in Lightning zone.
13:59 of 1st period - Tobias Rieder is hit by Jordan Staal.
14:06 of 1st period - Icing by Jordan Staal.
14:07 of 1st period - Jordan Staal wins face-off versus Tobias Rieder in MapleLeafs zone.
14:07 of 1st period - Jordan Staal is hit by Tobias Rieder.
14:12 of 1st period - Icing by Joonas Donskoi.
14:13 of 1st period - Jordan Staal wins face-off versus Tobias Rieder in MapleLeafs zone.
14:13 of 1st period - Jordan Staal is hit by Travis Zajac.
14:51 of 1st period - Shot by Nick Leddy.
14:51 of 1st period - Stopped by Jaroslav Halak with a rebound.
15:15 of 1st period - Shot by Milan Lucic.
15:15 of 1st period - Shot Blocked by Nick Spaling.
15:43 of 1st period - Shot by David Clarkson.
15:43 of 1st period - Stopped by Jaroslav Halak without a rebound.
15:44 of 1st period - Mikael Backlund wins face-off versus Henrik Sedin in Lightning zone.
15:47 of 1st period - Shot by Mikael Backlund.
15:47 of 1st period - Stopped by Jaroslav Halak without a rebound.
15:48 of 1st period - Henrik Sedin wins face-off versus Mikael Backlund in Lightning zone.
16:07 of 1st period - Shot by Jeff Carter.
16:07 of 1st period - Deflect By Johnny Gaudreau.
16:07 of 1st period - Stopped by Keith Kinkaid without a rebound.
16:08 of 1st period - Jordan Staal wins face-off versus Tobias Rieder in MapleLeafs zone.
16:42 of 1st period - Shot by Ondrej Palat.
16:42 of 1st period - Shot Misses the Net.
17:49 of 1st period - Jeff Carter is hit by David Clarkson and loses puck.
18:44 of 1st period - Icing by Christian Ehrhoff.
18:45 of 1st period - Travis Zajac wins face-off versus Andreas Athanasiou in Lightning zone.
18:47 of 1st period - Icing by Troy Brouwer.
18:48 of 1st period - Andreas Athanasiou wins face-off versus Travis Zajac in Lightning zone.
18:48 of 1st period - Andreas Athanasiou is hit by Christian Ehrhoff.
18:58 of 1st period - Minor Penalty to Andreas Athanasiou for Tripping.
18:59 of 1st period - Travis Zajac wins face-off versus Jordan Staal in MapleLeafs zone.
19:00 of 1st period - Shot by Patric Hornqvist.
19:00 of 1st period - Shot Blocked by Kris Russell.
19:34 of 1st period - Off-side.
19:35 of 1st period - Henrik Sedin wins face-off versus Brendan Leipsic in neutral zone.
Goals for this period are 0 for Lightning vs 1 for MapleLeafs.
Shots for this period are 11 for Lightning vs 7 for MapleLeafs.

2nd period


0:01 of 2nd period - Jordan Staal wins face-off versus Henrik Sedin in neutral zone.
0:54 of 2nd period - Icing by David Schlemko.
0:55 of 2nd period - Travis Zajac wins face-off versus Jordan Staal in Lightning zone.
1:10 of 2nd period - Shot by Jonathan Marchessault.
1:10 of 2nd period - Goal by Jonathan Marchessault - Lightning : 0 - MapleLeafs : 2.
1:11 of 2nd period - Eric Fehr wins face-off versus Andreas Athanasiou in neutral zone.
1:18 of 2nd period - Shot by Eric Fehr.
1:18 of 2nd period - Shot Misses the Net.
1:46 of 2nd period - Shot by Andreas Athanasiou.
1:46 of 2nd period - Shot Misses the Net.
2:14 of 2nd period - Andrej Sekera is hit by Jordan Staal and loses puck.
2:39 of 2nd period - Joonas Donskoi is hit by Kevin Klein and loses puck.
2:43 of 2nd period - Minor Penalty to Kevin Klein for Hooking.
2:44 of 2nd period - Nazem Kadri wins face-off versus Tobias Rieder in Lightning zone.
2:45 of 2nd period - Shot by Jonathan Marchessault.
2:45 of 2nd period - Shot Misses the Net.
2:47 of 2nd period - Shot by Alexei Emelin.
2:47 of 2nd period - Shot Blocked by Erik Gudbranson.
3:03 of 2nd period - Shot by Jonathan Marchessault.
3:03 of 2nd period - Stopped by Jaroslav Halak without a rebound.
3:04 of 2nd period - Tobias Rieder wins face-off versus Nazem Kadri in Lightning zone.
3:31 of 2nd period - Shot by Milan Lucic.
3:31 of 2nd period - Stopped by Jaroslav Halak without a rebound.
3:32 of 2nd period - Jordan Staal wins face-off versus Nick Spaling in Lightning zone.
3:51 of 2nd period - Shot by Jordan Staal.
3:51 of 2nd period - Shot Misses the Net.
3:53 of 2nd period - Shot by Joonas Donskoi.
3:53 of 2nd period - Stopped by Jaroslav Halak without a rebound.
3:54 of 2nd period - Eric Fehr wins face-off versus Jonathan Marchessault in Lightning zone.
4:07 of 2nd period - Shot by Jonathan Marchessault.
4:07 of 2nd period - Shot Misses the Net.
4:09 of 2nd period - Shot by Alexei Emelin.
4:09 of 2nd period - Stopped by Jaroslav Halak with a rebound.
4:11 of 2nd period - Shot by Nazem Kadri.
4:11 of 2nd period - Stopped by Jaroslav Halak without a rebound.
4:12 of 2nd period - Jordan Staal wins face-off versus Eric Fehr in Lightning zone.
4:41 of 2nd period - Jordan Staal is hit by Nick Spaling and loses puck.
5:20 of 2nd period - Shot by Johnny Gaudreau.
5:20 of 2nd period - Stopped by Keith Kinkaid without a rebound.
5:21 of 2nd period - Nazem Kadri wins face-off versus Eric Fehr in MapleLeafs zone.
5:40 of 2nd period - Shot by Tobias Rieder.
5:40 of 2nd period - Stopped by Keith Kinkaid with a rebound.
6:30 of 2nd period - Shot by Tomas Fleischmann.
6:30 of 2nd period - Deflect By Troy Brouwer.
6:30 of 2nd period - Shot Misses the Net.
6:32 of 2nd period - Shot by Travis Zajac.
6:32 of 2nd period - Shot Misses the Net.
6:38 of 2nd period - Shot by Troy Brouwer.
6:38 of 2nd period - Stopped by Keith Kinkaid without a rebound.
6:39 of 2nd period - Ondrej Palat wins face-off versus Henrik Sedin in MapleLeafs zone.
6:39 of 2nd period - Ondrej Palat is hit by Jeff Carter.
7:11 of 2nd period - Shot by Joonas Donskoi.
7:11 of 2nd period - Shot Misses the Net.
7:19 of 2nd period - Shot by Ondrej Palat.
7:19 of 2nd period - Shot Misses the Net.
7:42 of 2nd period - Shot by Brendan Leipsic.
7:42 of 2nd period - Shot Misses the Net.
7:44 of 2nd period - Shot by Mikael Backlund.
7:44 of 2nd period - Deflect By Brendan Leipsic.
7:44 of 2nd period - Shot Misses the Net.
7:47 of 2nd period - Minor Penalty to Christian Ehrhoff for Roughing.
7:48 of 2nd period - Tobias Rieder wins face-off versus Nazem Kadri in Lightning zone.
8:03 of 2nd period - Minor Penalty to Troy Brouwer for Roughing.
8:04 of 2nd period - Jordan Staal wins face-off versus Travis Zajac in Lightning zone.
8:42 of 2nd period - Icing by Joonas Donskoi.
8:43 of 2nd period - Joonas Donskoi wins face-off versus Henrik Sedin in MapleLeafs zone.
8:47 of 2nd period - Off-side.
8:48 of 2nd period - Nazem Kadri wins face-off versus Travis Zajac in neutral zone.
9:27 of 2nd period - Shot by Brent Seabrook.
9:27 of 2nd period - Shot Blocked by Erik Gudbranson.
9:29 of 2nd period - Shot by Milan Lucic.
9:29 of 2nd period - Shot Misses the Net.
9:45 of 2nd period - Shot by Ondrej Palat.
9:45 of 2nd period - Stopped by Jaroslav Halak without a rebound.
9:46 of 2nd period - Travis Zajac wins face-off versus Jordan Staal in Lightning zone.
9:55 of 2nd period - Shot by Ondrej Palat.
9:55 of 2nd period - Shot Misses the Net.
9:57 of 2nd period - Shot by Nick Leddy.
9:57 of 2nd period - Shot Blocked by David Schlemko.
9:59 of 2nd period - Shot by Jordan Staal.
9:59 of 2nd period - Shot Blocked by Tobias Rieder.
10:01 of 2nd period - Shot by Kris Russell.
10:01 of 2nd period - Goal by Kris Russell - Lightning : 0 - MapleLeafs : 3.
10:02 of 2nd period - Eric Fehr wins face-off versus Mikael Backlund in neutral zone.
10:17 of 2nd period - Shot by Nick Spaling.
10:17 of 2nd period - Shot Misses the Net.
10:37 of 2nd period - Shot by Tomas Fleischmann.
10:37 of 2nd period - Shot Misses the Net.
11:03 of 2nd period - Shot by Jeff Carter.
11:03 of 2nd period - Shot Blocked by Alexey Marchenko.
11:05 of 2nd period - Shot by Kevin Klein.
11:05 of 2nd period - Shot Misses the Net.
11:07 of 2nd period - Shot by Jeff Carter.
11:07 of 2nd period - Stopped by Keith Kinkaid with a rebound.
11:33 of 2nd period - Shot by Johnny Gaudreau.
11:33 of 2nd period - Stopped by Keith Kinkaid without a rebound.
11:34 of 2nd period - Travis Zajac wins face-off versus Jordan Staal in MapleLeafs zone.
11:50 of 2nd period - Shot by Ondrej Palat.
11:50 of 2nd period - Stopped by Jaroslav Halak with a rebound.
11:52 of 2nd period - Shot by Nick Leddy.
11:52 of 2nd period - Goal by Nick Leddy - Lightning : 0 - MapleLeafs : 4.
11:52 of 2nd period - Kari Lehtonen enters game.
11:53 of 2nd period - Nazem Kadri wins face-off versus Eric Fehr in neutral zone.
12:01 of 2nd period - Shot by Eric Fehr.
12:01 of 2nd period - Stopped by Keith Kinkaid without a rebound.
12:02 of 2nd period - Jordan Staal wins face-off versus Henrik Sedin in MapleLeafs zone.
12:18 of 2nd period - Shot by Henrik Sedin.
12:18 of 2nd period - Stopped by Keith Kinkaid without a rebound.
12:19 of 2nd period - Nazem Kadri wins face-off versus Eric Fehr in MapleLeafs zone.
12:21 of 2nd period - Minor Penalty to Milan Lucic for Interference.
12:22 of 2nd period - Henrik Sedin wins face-off versus Jordan Staal in MapleLeafs zone.
12:59 of 2nd period - Shot by Kevin Klein.
12:59 of 2nd period - Stopped by Keith Kinkaid without a rebound.
12:59 of 2nd period - Minor Penalty to Keith Kinkaid for Slashing.
13:00 of 2nd period - Travis Zajac wins face-off versus Jordan Staal in MapleLeafs zone.
13:38 of 2nd period - Off-side.
13:39 of 2nd period - Henrik Sedin wins face-off versus Brendan Leipsic in neutral zone.
13:43 of 2nd period - Off-side.
13:44 of 2nd period - Jordan Staal wins face-off versus Henrik Sedin in neutral zone.
14:26 of 2nd period - Shot by Johnny Gaudreau.
14:26 of 2nd period - Shot Blocked by Alexei Emelin.
14:28 of 2nd period - Shot by Kevin Klein.
14:28 of 2nd period - Shot Hit the Post.
15:10 of 2nd period - Shot by Nick Spaling.
15:10 of 2nd period - Stopped by Keith Kinkaid with a rebound.
15:49 of 2nd period - Shot by Jeff Carter.
15:49 of 2nd period - Stopped by Keith Kinkaid without a rebound.
15:50 of 2nd period - Henrik Sedin wins face-off versus Mikael Backlund in MapleLeafs zone.
15:57 of 2nd period - Shot by Johnny Gaudreau.
15:57 of 2nd period - Stopped by Keith Kinkaid without a rebound.
15:58 of 2nd period - Mikael Backlund wins face-off versus Henrik Sedin in MapleLeafs zone.
16:17 of 2nd period - Shot by Mikael Backlund.
16:17 of 2nd period - Stopped by Kari Lehtonen with a rebound.
16:33 of 2nd period - Shot by Johnny Gaudreau.
16:33 of 2nd period - Stopped by Keith Kinkaid without a rebound.
16:34 of 2nd period - Travis Zajac wins face-off versus Jordan Staal in MapleLeafs zone.
16:47 of 2nd period - Shot by Troy Brouwer.
16:47 of 2nd period - Deflect By Travis Zajac.
16:47 of 2nd period - Shot Blocked by Brent Seabrook.
17:13 of 2nd period - Shot by Tomas Fleischmann.
17:13 of 2nd period - Shot Blocked by Brent Seabrook.
17:17 of 2nd period - Shot by Troy Brouwer.
17:17 of 2nd period - Shot Misses the Net.
18:39 of 2nd period - Shot by Johnny Gaudreau.
18:39 of 2nd period - Stopped by Keith Kinkaid without a rebound.
18:40 of 2nd period - Andreas Athanasiou wins face-off versus Travis Zajac in MapleLeafs zone.
18:46 of 2nd period - Off-side.
18:47 of 2nd period - Travis Zajac wins face-off versus Andreas Athanasiou in neutral zone.
19:20 of 2nd period - Andreas Athanasiou is hit by Erik Gudbranson.
19:33 of 2nd period - Minor Penalty to Jordan Staal for Roughing.
19:34 of 2nd period - Henrik Sedin wins face-off versus Andreas Athanasiou in MapleLeafs zone.
Goals for this period are 0 for Lightning vs 3 for MapleLeafs.
Shots for this period are 13 for Lightning vs 11 for MapleLeafs.

3rd period


0:01 of 3rd period - Andreas Athanasiou wins face-off versus Henrik Sedin in neutral zone.
1:18 of 3rd period - Shot by Travis Zajac.
1:18 of 3rd period - Shot Blocked by Nick Leddy.
1:20 of 3rd period - Shot by Patric Hornqvist.
1:20 of 3rd period - Deflect By Travis Zajac.
1:20 of 3rd period - Goal by Travis Zajac - Lightning : 1 - MapleLeafs : 4.
1:21 of 3rd period - Eric Fehr wins face-off versus Nazem Kadri in neutral zone.
1:52 of 3rd period - Shot by Milan Lucic.
1:52 of 3rd period - Shot Misses the Net.
1:56 of 3rd period - Shot by Jonathan Marchessault.
1:56 of 3rd period - Shot Blocked by Andre Benoit.
3:01 of 3rd period - Shot by Ondrej Palat.
3:01 of 3rd period - Stopped by Kari Lehtonen with a rebound.
3:03 of 3rd period - Shot by Jordan Staal.
3:03 of 3rd period - Shot Blocked by Christian Ehrhoff.
3:05 of 3rd period - Shot by Jordan Staal.
3:05 of 3rd period - Shot Blocked by Christian Ehrhoff.
3:22 of 3rd period - Shot by Ondrej Palat.
3:22 of 3rd period - Stopped by Kari Lehtonen without a rebound.
3:23 of 3rd period - Mikael Backlund wins face-off versus Henrik Sedin in Lightning zone.
3:24 of 3rd period - Shot by Brendan Leipsic.
3:24 of 3rd period - Stopped by Kari Lehtonen without a rebound.
3:25 of 3rd period - Nazem Kadri wins face-off versus Henrik Sedin in Lightning zone.
3:28 of 3rd period - Shot by Nazem Kadri.
3:28 of 3rd period - Stopped by Kari Lehtonen with a rebound.
3:47 of 3rd period - Shot by Nazem Kadri.
3:47 of 3rd period - Deflect By Milan Lucic.
3:47 of 3rd period - Shot Blocked by Kevin Klein.
4:20 of 3rd period - Shot by Troy Brouwer.
4:20 of 3rd period - Shot Blocked by Kris Russell.
5:46 of 3rd period - Brent Seabrook is hit by Teddy Purcell and loses puck.
6:01 of 3rd period - Shot by Travis Zajac.
6:01 of 3rd period - Stopped by Keith Kinkaid with a rebound.
6:03 of 3rd period - Shot by Erik Gudbranson.
6:03 of 3rd period - Stopped by Keith Kinkaid without a rebound.
6:04 of 3rd period - Eric Fehr wins face-off versus Mikael Backlund in MapleLeafs zone.
6:31 of 3rd period - Icing by Mikael Backlund.
6:32 of 3rd period - Henrik Sedin wins face-off versus Mikael Backlund in MapleLeafs zone.
6:40 of 3rd period - Jeff Carter is hit by Justin Falk and loses puck.
6:53 of 3rd period - Shot by Brendan Leipsic.
6:53 of 3rd period - Shot Blocked by Christian Ehrhoff.
7:16 of 3rd period - Off-side.
7:17 of 3rd period - Jordan Staal wins face-off versus Eric Fehr in neutral zone.
7:22 of 3rd period - Shot by Ondrej Palat.
7:22 of 3rd period - Shot Blocked by Eric Fehr.
7:31 of 3rd period - Off-side.
7:32 of 3rd period - Travis Zajac wins face-off versus Andreas Athanasiou in neutral zone.
7:34 of 3rd period - Off-side.
7:35 of 3rd period - Travis Zajac wins face-off versus Jordan Staal in neutral zone.
7:56 of 3rd period - Minor Penalty to Alexei Emelin for Interference.
7:57 of 3rd period - Henrik Sedin wins face-off versus Jordan Staal in MapleLeafs zone.
8:00 of 3rd period - Shot by David Schlemko.
8:00 of 3rd period - Stopped by Keith Kinkaid with a rebound.
8:02 of 3rd period - Shot by Erik Gudbranson.
8:02 of 3rd period - Shot Misses the Net.
8:20 of 3rd period - Shot by Henrik Sedin.
8:20 of 3rd period - Stopped by Keith Kinkaid without a rebound.
8:21 of 3rd period - Travis Zajac wins face-off versus Mikael Backlund in MapleLeafs zone.
8:24 of 3rd period - Shot by Patric Hornqvist.
8:24 of 3rd period - Stopped by Keith Kinkaid without a rebound.
8:25 of 3rd period - Travis Zajac wins face-off versus Mikael Backlund in MapleLeafs zone.
8:28 of 3rd period - Shot by Patric Hornqvist.
8:28 of 3rd period - Shot Misses the Net.
8:46 of 3rd period - Icing by Travis Zajac.
8:47 of 3rd period - Jordan Staal wins face-off versus Travis Zajac in Lightning zone.
8:56 of 3rd period - Brendan Leipsic is hit by Patric Hornqvist.
9:14 of 3rd period - Shot by Teddy Purcell.
9:14 of 3rd period - Shot Blocked by Justin Falk.
10:16 of 3rd period - Shot by Milan Lucic.
10:16 of 3rd period - Stopped by Kari Lehtonen with a rebound.
10:18 of 3rd period - Shot by Milan Lucic.
10:18 of 3rd period - Stopped by Kari Lehtonen without a rebound.
10:19 of 3rd period - Anthony Mantha wins face-off versus Henrik Sedin in Lightning zone.
10:36 of 3rd period - Shot by Jeff Carter.
10:36 of 3rd period - Stopped by Keith Kinkaid without a rebound.
10:37 of 3rd period - Travis Zajac wins face-off versus Joonas Donskoi in MapleLeafs zone.
10:43 of 3rd period - Justin Falk is hit by Andrej Sekera and loses puck.
10:48 of 3rd period - Shot by Jordan Staal.
10:48 of 3rd period - Deflect By Ondrej Palat.
10:48 of 3rd period - Stopped by Kari Lehtonen without a rebound.
10:49 of 3rd period - Eric Fehr wins face-off versus Mikael Backlund in Lightning zone.
11:08 of 3rd period - Shot by Mikael Backlund.
11:08 of 3rd period - Shot Misses the Net.
11:10 of 3rd period - Shot by David Clarkson.
11:10 of 3rd period - Stopped by Kari Lehtonen without a rebound.
11:11 of 3rd period - Jordan Staal wins face-off versus Henrik Sedin in Lightning zone.
11:12 of 3rd period - Shot by Joonas Donskoi.
11:12 of 3rd period - Stopped by Kari Lehtonen with a rebound.
11:20 of 3rd period - Shot by Jordan Staal.
11:20 of 3rd period - Stopped by Kari Lehtonen without a rebound.
11:21 of 3rd period - Travis Zajac wins face-off versus Nazem Kadri in Lightning zone.
11:36 of 3rd period - Shot by Jonathan Marchessault.
11:36 of 3rd period - Shot Misses the Net.
11:46 of 3rd period - Shot by Milan Lucic.
11:46 of 3rd period - Shot Misses the Net.
11:48 of 3rd period - Shot by Alexei Emelin.
11:48 of 3rd period - Shot Misses the Net.
11:50 of 3rd period - Shot by Alexei Emelin.
11:50 of 3rd period - Stopped by Kari Lehtonen without a rebound.
11:51 of 3rd period - Jordan Staal wins face-off versus Henrik Sedin in Lightning zone.
12:19 of 3rd period - Shot by Ondrej Palat.
12:19 of 3rd period - Shot Misses the Net.
12:28 of 3rd period - Shot by Ondrej Palat.
12:28 of 3rd period - Shot Misses the Net.
12:30 of 3rd period - Shot by Jordan Staal.
12:30 of 3rd period - Deflect By Ondrej Palat.
12:30 of 3rd period - Stopped by Kari Lehtonen without a rebound.
12:31 of 3rd period - Mikael Backlund wins face-off versus Travis Zajac in Lightning zone.
13:46 of 3rd period - Shot by Jonathan Marchessault.
13:46 of 3rd period - Shot Misses the Net.
13:48 of 3rd period - Shot by Milan Lucic.
13:48 of 3rd period - Shot Misses the Net.
13:50 of 3rd period - Shot by Alexey Marchenko.
13:50 of 3rd period - Goal by Alexey Marchenko - Lightning : 1 - MapleLeafs : 5.
13:51 of 3rd period - Ondrej Palat wins face-off versus Henrik Sedin in neutral zone.
13:53 of 3rd period - Kris Russell is hit by Erik Gudbranson and loses puck.
14:14 of 3rd period - Shot by Jeff Carter.
14:14 of 3rd period - Deflect By Johnny Gaudreau.
14:14 of 3rd period - Shot Misses the Net.
14:16 of 3rd period - Shot by Henrik Sedin.
14:16 of 3rd period - Goal by Henrik Sedin - Lightning : 2 - MapleLeafs : 5.
14:17 of 3rd period - Andreas Athanasiou wins face-off versus Eric Fehr in neutral zone.
15:17 of 3rd period - Shot by Johnny Gaudreau.
15:17 of 3rd period - Stopped by Keith Kinkaid without a rebound.
15:18 of 3rd period - Jordan Staal wins face-off versus Travis Zajac in MapleLeafs zone.
16:01 of 3rd period - Troy Brouwer is hit by Jordan Staal and loses puck.
16:35 of 3rd period - Off-side.
16:36 of 3rd period - Eric Fehr wins face-off versus Nazem Kadri in neutral zone.
17:08 of 3rd period - Icing by Nazem Kadri.
17:09 of 3rd period - Nazem Kadri wins face-off versus Henrik Sedin in MapleLeafs zone.
17:46 of 3rd period - Shot by Johnny Gaudreau.
17:46 of 3rd period - Shot Blocked by Kris Russell.
17:49 of 3rd period - Minor Penalty to Nick Leddy for Holding.
17:50 of 3rd period - Travis Zajac wins face-off versus Jordan Staal in MapleLeafs zone.
17:51 of 3rd period - Shot by Teddy Purcell.
17:51 of 3rd period - Stopped by Keith Kinkaid without a rebound.
17:52 of 3rd period - Travis Zajac wins face-off versus Jordan Staal in MapleLeafs zone.
17:53 of 3rd period - Shot by Patric Hornqvist.
17:53 of 3rd period - Deflect By Teddy Purcell.
17:53 of 3rd period - Shot Misses the Net.
18:09 of 3rd period - Shot by Teddy Purcell.
18:09 of 3rd period - Stopped by Keith Kinkaid without a rebound.
18:10 of 3rd period - Henrik Sedin wins face-off versus Mikael Backlund in MapleLeafs zone.
18:23 of 3rd period - Shot by Tobias Rieder.
18:23 of 3rd period - Stopped by Keith Kinkaid without a rebound.
18:24 of 3rd period - Travis Zajac wins face-off versus Brendan Leipsic in MapleLeafs zone.
18:57 of 3rd period - Mikael Backlund is hit by Patric Hornqvist and loses puck.
19:11 of 3rd period - Icing by Travis Zajac.
19:12 of 3rd period - Travis Zajac wins face-off versus Mikael Backlund in Lightning zone.
19:37 of 3rd period - Shot by Kevin Klein.
19:37 of 3rd period - Shot Misses the Net.
19:39 of 3rd period - Shot by Kevin Klein.
19:39 of 3rd period - Shot Misses the Net.
19:41 of 3rd period - Shot by Kevin Klein.
19:41 of 3rd period - Shot Blocked by Mikael Backlund.
19:43 of 3rd period - Shot by Tobias Rieder.
19:43 of 3rd period - Stopped by Keith Kinkaid without a rebound.
19:44 of 3rd period - Henrik Sedin wins face-off versus Jordan Staal in MapleLeafs zone.
19:56 of 3rd period - Minor Penalty to Milan Lucic for Tripping.
19:57 of 3rd period - Jordan Staal wins face-off versus Henrik Sedin in MapleLeafs zone.
Goals for this period are 2 for Lightning vs 1 for MapleLeafs.
Shots for this period are 13 for Lightning vs 13 for MapleLeafs.